 Dungeon Crawl Stone Soup version 0.20-a0-250-g5a49c73 (webtiles) character file.

12653 Gelly3 the Carver (level 12, 0/102 HPs)
             Began as a Human Monk on Dec 1, 2016.
             Was a High Priest of Ieoh Jian.
             Killed from afar by an electric eel (7 damage)
             ... with a bolt of electricity
             ... on level 2 of the Lair of Beasts.
             The game lasted 01:11:24 (19024 turns).

Gelly3 the Carver (Human Monk)                     Turns: 19024, Time: 01:11:24

Health: 0/102      AC:  8    Str: 17    XL:     12   Next: 22%
Magic:  12/12      EV: 20    Int: 11    God:    Ieoh Jian [*****.]
Gold:   679        SH:  0    Dex: 22    Spells: 11/11 levels left

rFire  . . .     SeeInvis .     t - +4 scimitar (flame)
rCold  . . .     Gourm    .     R - +2 robe
rNeg   . . .     Faith    .     (no shield)
rPois  .         Spirit   .     j - +2 helmet
rElec  .         Reflect  .     d - +0 cloak
rCorr  .         Harm     .     (no gloves)
MR     .....                    (no boots)
Stlth  ++++......               m - amulet of inaccuracy (curse)
                                E - +5 ring of strength
                                p - ring of stealth {Stlth+}

@: being watched over by the Council
A: thin skeletal structure 1, wild magic 1, MP-powered wands
a: Project Weapon, Recall Weapon, Steel Dragonfly Technique, Renounce Religion,
Steal And Renounce


You were on level 2 of the Lair of Beasts.
You worshipped Ieoh Jian.
Ieoh Jian was extremely pleased with you.
You were hungry.

You visited 3 branches of the dungeon, and saw 14 of its levels.
You also visited: Sewer.

You collected 679 gold pieces.

Inventory:

Hand Weapons
 t - a +4 scimitar of flaming (weapon)
   (You took it off Erica on level 9 of the Dungeon)
 v - a +1 war axe of electrocution
   (You took it off an orc on level 8 of the Dungeon)
 y - a +0 blowgun
   (You took it off a kobold on level 3 of the Dungeon)
Missiles
 x - 9 curare-tipped needles
Armour
 d - a +0 cloak (worn)
   (You took it off Crazy Yiuf on level 5 of the Dungeon)
 j - a +2 helmet (worn)
   (You found it on level 2 of the Dungeon)
 R - a +2 robe (worn)
   (You took it off Erica on level 9 of the Dungeon)
Jewellery
 a - an uncursed ring of protection from fire {rF+, !d}
   (You found it on level 6 of the Dungeon)
 m - a cursed amulet of inaccuracy (around neck)
   (You found it on level 5 of the Dungeon)
 p - a ring of stealth (left hand) {Stlth+}
   (You found it on level 6 of the Dungeon)
 q - an uncursed amulet of rage {+Rage, !d}
   (You found it on level 7 of the Dungeon)
 E - a +5 ring of strength (right hand)
   (You found it on level 4 of the Dungeon)
 F - an uncursed ring of protection from cold {rC+, !d}
   (You found it on level 4 of the Dungeon)
 T - an uncursed ring of poison resistance {rPois, !d}
   (You found it on level 1 of the Lair of Beasts)
Wands
 u - a wand of disintegration (5/24)
   (You found it on level 10 of the Dungeon)
 A - a wand of iceblast (4/15)
   (You found it on level 2 of the Lair of Beasts)
 C - a wand of confusion (16/48)
   (You found it on level 6 of the Dungeon)
 H - a wand of digging (9/24)
   (You found it on level 4 of the Dungeon)
 L - a wand of lightning (0/15)
   (You found it on level 9 of the Dungeon)
 Q - a wand of iceblast (4/15)
   (You took it off Erica on level 9 of the Dungeon)
Scrolls
 i - 2 scrolls of blinking {!r}
 k - 2 scrolls of recharging
 n - 4 scrolls of teleportation
 o - 4 scrolls of identify
 r - a scroll of fog
 w - 2 scrolls of magic mapping {!r}
 I - 2 scrolls of enchant armour
 K - 2 scrolls of enchant weapon
 W - 2 scrolls of fear
Potions
 b - 2 potions of lignification {!q}
 e - a potion of brilliance
 f - a potion of curing
 g - 2 potions of resistance
 l - 2 potions of haste
 B - 2 potions of cancellation
 D - 2 potions of cure mutation {!q}
 M - 4 potions of might
 O - a potion of magic
 S - a potion of berserk rage {!q}
Books
 J - a book of Misfortune
   (You found it on level 4 of the Dungeon)
 U - a book of Transfigurations
   (You found it on level 10 of the Dungeon)
Miscellaneous
 h - a phantom mirror
 Y - a box of beasts
Comestibles
 c - 9 bread rations
 s - a royal jelly
 z - 8 meat rations
 P - a beef jerky
 Z - 3 fruits


   Skills:
 - Level 12.0 Fighting
   Level 12.0 Long Blades
 - Level 3.8 Throwing
 + Level 8.3 Dodging
 - Level 2.0 Stealth


You had 11 spell levels left.
You didn't know any spells.

Dungeon Overview and Level Annotations

Branches:
Dungeon (11/15)            Temple (1/1) D:6            Lair (2/6) D:9
  Swamp (0/4) Lair:2          Orc (0/2) D:9
  Snake: Lair:2-4    Spider: Lair:2-4

Altars:
Ashenzari
Cheibriados
Dithmenos
Elyvilon
Fedhas
Gozag
Hepliaklqana Ieoh Jian
Kikubaaqudgha
Makhleb
Nemelex Xobeh
Okawaru
Qazlal
Ru
Sif Muna
Trog
Uskayaw
Vehumet
Xom
Yredelemnul
Zin
The Shining One

Shops:
D:4 *[*}   D:5 (   D:11 :[

Annotations:
D:3 thelaststarmaker's ghost, amateur DsGl
D:5 Prince Ribbit
D:7 1 runed door


Innate Abilities, Weirdness & Mutations

You have a somewhat thin skeletal structure. (Dex +2, Stealth)
Your spells are a little harder to cast, but a little more powerful.
You expend magic power (3 MP) to strengthen your wands.


Message History

Ye slash tha wolf!
Ye kill tha wolf!
Ieoh Jian accepts yer kill.
Ye slash tha fungus!
Ye see 'ere a wolf corpse.
Ye butcher tha wolf corpse.
G - 2 chunks o' flesh Ye start restin'.
Eatin' 'un o' 2 chunks o' flesh.
Ye start eatin' 'un o' tha 2 chunks o' flesh. 'tis raw flesh tastes terrible.
Tha black mamba hisses angrily.
Evoke which item? (* ta show all) (? fer menu, 'sc ta quit) Zappin':
Q - a wand o' iceblast (?/15) {zapped: 5} (will waste charges)
Press: ? - help, Shift-Dir - straight line, f - black mamba
Aim: a black mamba Tha mass o' ice 'splodes!
Tha iceblast 'ngulfs tha black mamba.
Tha black mamba be moderately wounded.
Evokin' 'tis parti'lly-identified wand wasted a few charges.
Evoke which item? (* ta show all) (? fer menu, 'sc ta quit) Okay, than.
As ye read tha scroll o' teleportation, it crumbles ta dust.
Ye feel strangely unst'ble.
Tha black mamba barely misses ye.
Tha black mamba barely misses ye.
Yer surroundin's sudd'nly seem different.
Ye start restin'.
Magic restored.
All o' tha chunks o' flesh in yer inventory haf rotted away.
Ye start restin'.
Ye be feelin' hungry.
Ye start restin'.
HP restored.
Tha black mamba be too close now fer yer likin'.
Ye cannae go down 'ere!
Thar be a stone staircase leadin' down 'ere.
Nay target in view!
Done 'splorin'.
Ye climb downwards. 3 electric eels come inta view.
Found a scroll o' noise an' 45 gold pieces.
Found a staircase ta tha Swamp.
Thar be a stone staircase leadin' up 'ere.
Unknown command.
Unknown command.
Thar be monsters nearby!
Evoke which item? (* ta show all) (? fer menu, 'sc ta quit) Okay, than.
An electric eel comes inta view.
Unknown command.
Tha electric eel shoots out a bolt o' lightnin' at ye!
Tha bolt o' electricity misses ye.
Ye lunge at tha electric eel!
A +3 scytha manifests from thin air!
Tha electric eel seems ta slow down as ye strike a pressure point.
Ye strike tha helpless electric eel from behind!
Ye slice tha electric eel!!
Ye kill tha electric eel!
Ieoh Jian accepts yer kill.
Tha electric eel shoots out a bolt o' lightnin' at ye!
Tha bolt o' electricity hits ye!
Tha electric eel shoots out a bolt o' lightnin' at ye!
Tha bolt o' electricity hits ye!
Ye enter tha shallow water.
Movin' in 'tis stuff be goin' ta be slow.
Tha electric eel shoots out a bolt o' lightnin' at ye!
Tha bolt o' electricity misses ye.
Tha electric eel shoots out a bolt o' lightnin' at ye!
Tha bolt o' electricity hits ye!
Tha electric eel shoots out a bolt o' lightnin' at ye!
Tha bolt o' electricity misses ye.
Wield which item (- fer none, * ta show all)? (? fer menu, 'sc ta quit) Yer +1 war axe o' electrocution stops cracklin'.
Yer +4 scimitar o' flamin' bursts inta flame!
t - a +4 scimitar o' flamin' (weapon)
Ye completely miss tha electric eel.
Ye punch tha electric eel, but do nay damage.
Tha electric eel shoots out a bolt o' lightnin' at ye!
Tha bolt o' electricity hits ye!
Tha electric eel shoots out a bolt o' lightnin' at ye!
Tha bolt o' electricity hits ye!
Tha electric eel shoots out a bolt o' lightnin' at ye!
Tha bolt o' electricity hits tha electric eel.
Tha electric eel completely resists.
Tha bolt o' electricity hits ye!
Tha electric eel shoots out a bolt o' lightnin' at ye!
Tha bolt o' electricity hits ye!
Tha electric eel shoots out a bolt o' lightnin' at ye!
Tha bolt o' electricity hits yer +3 scytha.
Yer +3 scytha completely resists.
Tha bolt o' electricity hits ye!
Tha electric eel shoots out a bolt o' lightnin' at ye!
Tha bolt o' electricity hits yer +3 scytha.
Yer +3 scytha completely resists.
Tha bolt o' electricity hits ye!
* * * LOW HITPOINT WARNIN'
* * * Tha bolt o' electricity hits ye!
* * * LOW HITPOINT WARNIN'
* * * Tha bolt o' electricity hits yer +3 scytha.
Yer +3 scytha completely resists.
Tha electric eel shoots out a bolt o' lightnin' at ye!
Tha bolt o' electricity hits ye!
Ye die...

........#
..........$..............
........##...............
.....P..P#$#.............
.....P... #......#.......
.....#.##.##.....#.......
#....#.#..#P........§....
#....#..#..$.....#.≈§≈§≈≈
.......P...?....@<.≈§≈§≈≈
..........≈§;..{..§≈####§
.........≈§§§;.....≈≈#
#.##.....§§>§≈.....≈≈# ##
##...§§§;§..#..≈≈§§≈
..§§§§§§..##......
...§§§.§... .......
#.§........####.#.#
##§....##.## ##


You could see 3 electric eels and a friendly +3 scythe.

Vanquished Creatures
  Erica (D:9)
  The ghost of puppums the Severer, a novice HOFi of Ieoh Jian (D:9)
  An unseen horror (D:10)
  A hill giant (D:11)
  A black mamba (Lair:1)
  2 spiny frogs (Lair:2)
  2 komodo dragons (Lair:1)
  2 trolls
  2 hippogriffs (Lair:2)
  Sigmund (D:5)
  2 wyverns (D:11)
  A fire elemental (Lair:2)
  A vampire mosquito (Lair:2)
  Duvessa (D:5)
  3 porcupines
  A sky beast (D:10)
  2 ice beasts
  7 orc warriors
  3 black bears
  An eye of draining (D:11)
  6 ogres
  2 phantoms (D:9)
  4 wolves
  3 centaurs
  7 crocodiles
  A gnoll sergeant (D:10)
  9 bullfrogs
  7 scorpions
  Dowan (D:5)
  A troll zombie (D:9)
  4 wights (D:6)
  A killer bee (D:5)
  An electric eel (Lair:2)
  2 howler monkeys
  8 crimson imps
  A bullfrog zombie (D:10)
  A quasit (D:10)
  Crazy Yiuf (D:5)
  A centaur zombie (D:10)
  2 bullfrog skeletons
  8 hounds
  3 jellies
  6 orc priests
  11 orc wizards
  2 centaur skeletons
  5 iguanas
  11 worker ants
  7 ogre zombies (D:9)
  A hound zombie (D:8)
  3 hound skeletons
  2 worker ant zombies
  4 gnolls (D:10)
  15 adders
  17 oozes
  3 adder zombies
  An adder skeleton (D:5)
  3 worms
  2 dart slugs
  11 leopard geckos
  39 orcs
  25 giant cockroaches
  5 goblins
  8 hobgoblins
  13 jackals
  11 kobolds
  7 quokkas
  15 ball pythons
  A ball python skeleton (D:5)
  9 bats
  13 frilled lizards
  A giant cockroach zombie (D:6)
  2 goblin zombies (D:9)
  2 hobgoblin skeletons (D:9)
  5 hobgoblin zombies (D:9)
  2 orc skeletons (D:9)
  14 orc zombies (D:9)
  A quokka skeleton (D:5)
  A quokka zombie (D:6)
  11 rats
399 creatures vanquished.

Vanquished Creatures (others)
  89 flying weapons
  A kobold (D:11)
  3 fungi
93 creatures vanquished.

Grand Total: 492 creatures vanquished

Notes
Turn   | Place    | Note
-------+----------+-------------------------------------------
     0 | D:1      | Gelly3 the Human Monk began the quest for the Orb.
     0 | D:1      | Reached XP level 1. HP: 18/18 MP: 1/1
   121 | D:1      | Reached XP level 2. HP: 11/24 MP: 2/2
   517 | D:1      | Reached skill level 4 in Long Blades
   517 | D:1      | Reached XP level 3. HP: 23/29 MP: 3/3
  1291 | D:2      | Reached XP level 4. HP: 27/35 MP: 4/4
  1606 | D:2      | Reached skill level 5 in Long Blades
  2300 | D:2      | Reached XP level 5. HP: 32/41 MP: 5/5
  2522 | D:3      | Noticed thelaststarmaker's ghost (amateur DsGl)
  3340 | D:3      | HP: 10/41 [poisoned by kobold (curare-tipped needle)]
  3347 | D:3      | HP: 6/41 [poisoned by kobold (curare-tipped needle)]
  3354 | D:3      | HP: 5/41 [poisoned by kobold (curare-tipped needle)]
  3362 | D:3      | HP: 4/41 [poisoned by kobold (curare-tipped needle)]
  3704 | D:3      | Reached skill level 6 in Long Blades
  3715 | D:3      | HP: 10/41 [orc wizard/magic dart (5)]
  3716 | D:3      | Reached XP level 6. HP: 12/47 MP: 6/6
  4170 | D:4      | Found Tumaeps's Antique Armour Shop.
  4197 | D:4      | Found Leoseaf's Gadget Shop.
  4248 | D:4      | Reached skill level 4 in Fighting
  4301 | D:4      | Found a bloodstained altar of Trog.
  4412 | D:4      | Found a deep blue altar of Sif Muna.
  4673 | D:4      | Found Ajysiupp's General Store.
  4764 | D:4      | Found Feesh's General Store.
  5008 | D:5      | Entered Level 5 of the Dungeon
  5233 | D:5      | HP: 12/49 [poisoned by a scorpion]
  5318 | D:5      | Noticed Sigmund
  5434 | D:5      | Noticed Prince Ribbit
  5505 | D:5      | Noticed Dowan
  5741 | D:5      | Reached skill level 5 in Fighting
  5768 | D:5      | Killed Sigmund
  5768 | D:5      | Reached XP level 7. HP: 44/57 MP: 7/7
  5875 | D:5      | Reached skill level 6 in Fighting
  5918 | D:5      | Reached skill level 4 in Dodging
  5956 | D:5      | HP: 14/58 [ice beast (3)]
  5959 | D:5      | Reached skill level 5 in Dodging
  5959 | D:5      | Reached XP level 8. HP: 12/64 MP: 8/8
  6302 | D:5      | Noticed Duvessa
  6309 | D:5      | Killed Dowan
  6318 | D:5      | HP: 12/64 [Duvessa/short sword (10)]
  6321 | D:5      | Killed Duvessa
  6460 | D:5      | HP: 13/64 [scorpion (5)]
  6463 | D:5      | Reached skill level 6 in Dodging
  6873 | D:5      | Found Rarghaag's Weapon Shop.
  6925 | D:5      | Found a runed door.
  7050 | D:5      | Noticed Crazy Yiuf
  7062 | D:5      | Killed Crazy Yiuf
  7338 | D:5      | HP: 16/64 [poisoned by a scorpion]
  7345 | D:5      | HP: 15/64 [poisoned by a scorpion]
  7352 | D:5      | HP: 14/64 [poisoned by a scorpion]
  7360 | D:5      | HP: 14/64 [poisoned by a scorpion]
  7628 | D:6      | Reached skill level 7 in Long Blades
  7815 | D:6      | Reached XP level 9. HP: 28/69 MP: 9/9
  7818 | D:6      | Found a glowing drain.
  7831 | Sewer    | Entered a sewer
  8114 | Sewer    | Reached skill level 8 in Long Blades
  8395 | D:6      | Reached skill level 9 in Long Blades
  8926 | D:6      | Found a staircase to the Ecumenical Temple.
  9266 | Temple   | Entered the Ecumenical Temple
  9433 | Temple   | Became a worshipper of Ieoh Jian the Bladed Council
  9433 | Temple   | Reached * piety under Ieoh Jian
  9433 | Temple   | Reached ** piety under Ieoh Jian
  9680 | D:7      | Found a blossoming altar of Fedhas.
  9716 | D:7      | Found a runed door.
  9739 | D:7      | Found a runed door.
  9765 | D:7      | Reached skill level 10 in Long Blades
 10295 | D:7      | Reached XP level 10. HP: 76/76 MP: 10/10
 10336 | D:7      | Reached skill level 11 in Long Blades
 10947 | D:8      | Found a blossoming altar of Fedhas.
 11247 | D:8      | Reached *** piety under Ieoh Jian
 11536 | D:8      | Reached skill level 1 in Throwing
 11612 | D:8      | HP: 18/76 [orc warrior/glaive (26)]
 11623 | D:8      | Reached skill level 2 in Throwing
 11662 | D:8      | Reached skill level 3 in Throwing
 12104 | D:8      | HP: 18/76 [troll (8)]
 12110 | D:8      | HP: 10/76 [troll (9)]
 12488 | D:8      | Reached skill level 12 in Long Blades
 12636 | D:9      | Found a staircase to the Orcish Mines.
 12811 | D:9      | Reached **** piety under Ieoh Jian
 12966 | D:9      | Reached skill level 7 in Fighting
 13082 | D:9      | Found a staircase to the Lair.
 13186 | D:9      | Noticed Erica
 13208 | D:9      | Killed Erica
 13208 | D:9      | Reached skill level 8 in Fighting
 13208 | D:9      | Reached XP level 11. HP: 27/87 MP: 11/11
 13728 | D:9      | Noticed puppums's ghost (novice HOFi)
 13788 | D:9      | HP: 13/87 [puppums's ghost (20)]
 14172 | D:9      | Killed puppums's ghost
 14172 | D:9      | Reached skill level 9 in Fighting
 14287 | D:9      | Gained mutation: You have a somewhat thin skeletal structure. (Dex +2, Stealth) [potion of mutation]
 14287 | D:9      | Gained mutation: Your spells are a little harder to cast, but a little more powerful. [potion of mutation]
 14287 | D:9      | Gained mutation: You expend magic power (3 MP) to strengthen your wands. [potion of mutation]
 14562 | D:10     | Entered Level 10 of the Dungeon
 14903 | D:10     | HP: 13/90 [something (11)]
 14909 | D:10     | Killed an unseen horror
 14909 | D:10     | Reached skill level 10 in Fighting
 15942 | D:10     | Reached ***** piety under Ieoh Jian
 16136 | D:11     | Found Oschihuel's Book Shop.
 16142 | D:11     | Reached skill level 11 in Fighting
 16143 | D:11     | Noticed a hill giant
 16175 | D:11     | Killed a hill giant
 16237 | D:11     | Found Qeutij's Armour Boutique.
 16239 | D:11     | Noticed a hill giant
 16320 | D:11     | Noticed a six-headed hydra
 16326 | D:11     | HP: 23/93 [burnt (7)]
 16327 | D:11     | Noticed an eight-headed hydra
 16327 | D:11     | HP: 10/93 [burnt (5)]
 16329 | D:11     | HP: 4/93 [burnt (1)]
 16329 | D:11     | HP: 1/93 [kobold/tomahawk (3)]
 16753 | D:11     | Noticed a six-headed hydra
 16795 | Lair:1   | Entered Level 1 of the Lair of Beasts
 17428 | Lair:1   | Reached skill level 12 in Fighting
 17772 | Lair:1   | Reached XP level 12. HP: 102/102 MP: 12/12
 18358 | Lair:2   | Reached skill level 7 in Dodging
 18605 | Lair:2   | Reached skill level 8 in Dodging
 18636 | Lair:2   | HP: 21/102 [wolf (11)]
 18641 | Lair:1   | HP: 7/102 [wolf (4)]
 19015 | Lair:2   | Found a staircase to the Swamp.
 19024 | Lair:2   | HP: 22/102 [electric eel/bolt of electricity (13)]
 19024 | Lair:2   | HP: 7/102 [electric eel/bolt of electricity (15)]
 19024 | Lair:2   | Killed from afar by an electric eel

Vault maps used:
D:1:      evilmike_arrival_hilbert_curve, minmay_misc_feat_diagonals,
          hangedman_decor_points
D:2:      first_bread
D:4:      lemuel_coloured_pillars_altar, serial_shops, nicolae_shop_crystal,
          shop, nicolae_shop_window_shopping, shop, trog_butcher_becter
D:5:      minmay_opposing_rooms, serial_shops, nicolae_shop_behind_doors,
          uniq_duvessa, uniq_prince_ribbit1, uniq_sigmund,
          uniq_crazy_yiuf_cottage
D:6:      portal_sewer_entry_d
D:7:      lemuel_insect_pit, nicolae_overflow_crystal_walls
D:8:      basic_altar
D:9:      lair_entry_dummy, zombieorc2_lemuel, uniq_erica
D:11:     serial_shops, shop, nicolae_shop_crystal
Temple:   regret_index_temple_chain_breaker
Lair:2:   minmay_swamp_entry_eels, guppyfry_snake_entry_garden,
          beast_lair_carwin_8, grunt_megastairs_2
Sewer:    sewer_frog_island_02

Skill      XL: |  1  2  3  4  5  6  7  8  9 10 11 12 |
---------------+-------------------------------------+-----
Long Blades    | 4 5 6 7 10 12 | 12.0
Fighting       | 5 6 8 12 | 12.0
Dodging        | 5 6 8 |  8.3
Throwing       | 3 |  3.8
Stealth        | |  2.0

Action                   |  1- 3 |  4- 6 |  7- 9 | 10-12 || total
-------------------------+-------+-------+-------+-------++-------
Melee: Falchion          |   102 |   336 |   594 |    98 ||  1130
       Halberd           |       |       |    20 |    32 ||    52
       Punch             |       |       |     8 |    46 ||    54
       War axe           |       |       |     4 |   129 ||   133
       Unarmed           |       |       |     4 |     2 ||     6
       Hand axe          |       |       |     4 |       ||     4
       Quarterstaff      |       |       |     1 |     9 ||    10
       Scimitar          |       |       |       |   314 ||   314
       Scythe            |       |       |       |    17 ||    17
       Whip              |       |       |       |     7 ||     7
       Glaive            |       |       |       |    13 ||    13
       Flail             |       |       |       |     4 ||     4
       Trident           |       |       |       |     3 ||     3
       Mace              |       |       |       |     2 ||     2
       Short sword       |       |       |       |     1 ||     1
       Dagger            |       |       |       |     1 ||     1
       Lajatang          |       |       |       |     1 ||     1
       Dire flail        |       |       |       |     4 ||     4
 Fire: Blowgun           |       |       |       |     7 ||     7
Invok: Project Weapon    |       |       |       |     1 ||     1
Evoke: Wand              |       |     3 |     2 |     7 ||    12
  Use: Scroll            |       |     4 |    11 |    15 ||    30
       Potion            |       |     3 |     5 |    10 ||    18
 Stab: Sleeping          |       |    12 |     5 |    20 ||    37
       Distracted        |       |     2 |     2 |     4 ||     8
       Invisible         |       |       |     3 |       ||     3
       Paralysed         |       |       |       |     6 ||     6
  Eat: Chunk             |     1 |    14 |    15 |    24 ||    54
       Beef jerky        |       |       |     1 |     1 ||     2
       Fruit             |       |       |       |     3 ||     3
Armor: Robe              |    20 |    51 |   114 |   111 ||   296
Dodge: Dodged            |    83 |   205 |   495 |   478 ||  1261
       Rpst.: Falchion   |    24 |    55 |   150 |    32 ||   261
       Scimitar          |       |       |       |    53 ||    53

Vault maps used:
D:1:      evilmike_arrival_hilbert_curve, minmay_misc_feat_diagonals,
          hangedman_decor_points
D:2:      first_bread
D:4:      lemuel_coloured_pillars_altar, serial_shops, nicolae_shop_crystal,
          shop, nicolae_shop_window_shopping, shop, trog_butcher_becter
D:5:      minmay_opposing_rooms, serial_shops, nicolae_shop_behind_doors,
          uniq_duvessa, uniq_prince_ribbit1, uniq_sigmund,
          uniq_crazy_yiuf_cottage
D:6:      portal_sewer_entry_d
D:7:      lemuel_insect_pit, nicolae_overflow_crystal_walls
D:8:      basic_altar
D:9:      lair_entry_dummy, zombieorc2_lemuel, uniq_erica
D:11:     serial_shops, shop, nicolae_shop_crystal
Temple:   regret_index_temple_chain_breaker
Lair:2:   minmay_swamp_entry_eels, guppyfry_snake_entry_garden,
          beast_lair_carwin_8, grunt_megastairs_2
Sewer:    sewer_frog_island_02

Table legend:
 A = Turns spent in this place as a percentage of turns spent in the entire game.
 B = Non-inter-level travel turns spent in this place as a percentage of non-inter-level travel turns spent in the entire game.
 C = Inter-level travel turns spent in this place as a percentage of turns spent in this place.
 D = Turns resting spent in this place as a percentage of non-inter-level travel turns spent in this place.
 E = Turns spent auto-exploring this place as a percentage of non-inter-level travel turns spent in this place.
 F = Non-inter-level travel turns spent in this place divided by the number of levels of this place that you've seen.
                   A       B       C       D       E      F
               +-------+-------+-------+-------+-------+----------------------
         Total | 100.0 | 100.0 |   0.7 |   2.8 |   6.6 | 388.3
       Dungeon |  87.0 |  87.0 |   0.7 |   2.8 |   6.1 | 460.7
        Temple |   0.5 |   0.5 |   6.2 |   0.0 |  70.0 |  30.0
          Lair |   7.7 |   7.8 |   0.4 |   4.2 |   8.8 | 226.0
         Sewer |   4.7 |   4.7 |   0.0 |   0.7 |   5.1 | 274.0
               +-------+-------+-------+-------+-------+----------------------

Table legend:
 A = Kills in this place as a percentage of kills in entire the game.
 B = Kills by you in this place as a percentage of kills by you in the entire game.
 C = Kills by friends in this place as a percentage of kills by friends in the entire game.
 D = Other kills in this place as a percentage of other kills in the entire game.
 E = Experience gained in this place as a percentage of experience gained in the entire game.
 F = Experience gained in this place divided by the number of levels of this place that you have seen.
                   A       B       C       D       E      F
               +-------+-------+-------+-------+-------+----------------------
         Total | 100.0 | 100.0 |  -nan |  -nan | 100.0 | 1205.1
       Dungeon |  81.5 |  81.5 |  -nan |  -nan |  72.8 | 1196.6
          Lair |   6.0 |   6.0 |  -nan |  -nan |  25.4 | 2292.0
         Sewer |  12.5 |  12.5 |  -nan |  -nan |   1.8 | 329.0
               +-------+-------+-------+-------+-------+----------------------
